 Dungeon Crawl Stone Soup version 0.27.0-1-g7a089689b8 (webtiles) character file.

Game seed: 11188161697125803069

786 shadowrider38 the Cleaver (level 8, -4/58 HPs)
             Began as a Formicid Fighter on Aug 12, 2021.
             Was an Initiate of Gozag.
             Slain by a troll (5 damage)
             ... on level 5 of the Dungeon.
             The game lasted 00:13:06 (5634 turns).

shadowrider38 the Cleaver (Formicid Fighter)        Turns: 5634, Time: 00:13:06

Health: -4/58      AC: 10    Str: 24    XL:     8   Next: 11%
Magic:  8/8        EV:  6    Int:  7    God:    Gozag
Gold:   535        SH:  9    Dex: 10    Spells: 7/7 levels left

rFire    . . .     SeeInvis +   a - +0 war axe
rCold    . . .     Faith    .   c - +0 kite shield
rNeg     . . .     Spirit   .   m - +0 chain mail
rPois    .         Reflect  .   (helmet unavailable)
rElec    .         Harm     .   (no cloak)
rCorr    .         Rampage  .   l - +0 pair of gloves
Will     .....                  (no boots)
Stlth    ..........             (no amulet)
HPRegen  0.19/turn              (no ring)
MPRegen  0.11/turn              (no ring)

@: no status effects
A: permanent stasis, dig shafts and tunnels, antennae 3, four strong arms
a: Dig, Shaft Self, Renounce Religion, Potion Petition, Call Merchant, Bribe
Branch


You were on level 5 of the Dungeon.
You worshipped Gozag.
Gozag was pleased with you.
You visited 1 branch of the dungeon, and saw 5 of its levels.

You collected 558 gold pieces.
You paid 23 gold pieces to Gozag.

Inventory:

Hand Weapons
 a - a +0 war axe (weapon)
Missiles
 g - 15 poisoned darts (quivered)
 s - a throwing net
Armour
 c - a +0 kite shield (worn)
 l - a +0 pair of gloves (worn)
 m - a +0 chain mail (worn)
 r - the +1 robe "Emenk" {+Inv rC+ Int+4 Dex-4}
   (You found it on level 4 of the Dungeon)

   Int:       It affects your intelligence (+4).
   Dex:       It affects your dexterity (-4).
   rC:        It protects you from cold.
   +Inv:      It lets you turn invisible.
Scrolls
 e - 2 scrolls of silence {unknown}
 i - 4 scrolls of identify {unknown}
 k - a scroll of fear {unknown}
 n - 3 scrolls of magic mapping {unknown}
 p - a scroll of vulnerability {unknown}
 q - 3 scrolls of fog {unknown}
 t - a scroll of immolation {unknown}
Potions
 b - 3 potions of flight {unknown}
 d - a potion of might
 f - 2 potions of curing {unknown}
 h - 3 potions of lignification {unknown}
 j - a potion of heal wounds {unknown}
 o - 2 potions of mutation {unknown}


   Skills:
 - Level 3.2 Fighting
 + Level 8.8 Axes
 - Level 3.2 Armour
 - Level 3.6 Shields


You had 7 spell levels left.
You didn't know any spells.
Your spell library contained the following spells:

 Spells                   Type           Power      Damage    Failure   Level
 Magic Dart               Conj           0%         1d3       100%        1
 Call Imp                 Summ           0%         N/A       100%        2
 Mephitic Cloud           Conj/Pois/Air  0%         N/A       100%        3


Dungeon Overview and Level Annotations

Branches:
Dungeon (5/15)
 Temple: D:4-7

Altars:
Elyvilon
Gozag
Trog

Shops:
D:3 [**


Innate Abilities, Weirdness & Mutations

You cannot be hasted, slowed, berserked, paralysed or teleported.
You can dig through walls and to a lower floor.
You have a pair of large antennae on your head. (SInv)
Your four strong arms can wield two-handed weapons with a shield.


Message History

The orc warrior hits you with a +0 dire flail!
* * * LOW HITPOINT WARNING * * *
You hit the orc warrior.
You kill the orc warrior!
You have reached level 8!
You feel stronger.
You now have 535 gold pieces (gained 3).
Things that are here:
a +0 dire flail; a +0 chain mail You start resting.
HP restored.
There is a stone staircase leading down, spattered with blood here.
There is a stone staircase leading down here.
You climb downwards.
Found 8 sling bullets.
There is a stone staircase leading up here.
A troll comes into view.
The troll shouts!
There is a stone staircase leading up here.
You barely miss the troll. The troll bites you. The troll closely misses you.
You block the troll's attack. The troll bites you but does no damage.
The troll barely misses you. The troll claws you.
You closely miss the troll. The troll closely misses you. The troll claws you.
The troll claws you but does no damage.
You slash the troll!
The troll is moderately wounded.
The troll bites you! The troll barely misses you. You block the troll's attack.
You slash the troll!
The troll is heavily wounded.
The troll bites you! You block the troll's attack. The troll claws you.
You slash the troll!
The troll is severely wounded.
You block the troll's attack. The troll claws you but does no damage.
The troll claws you. The troll bites you!
* * * LOW HITPOINT WARNING * * *
The troll claws you.
* * * LOW HITPOINT WARNING * * *
The troll claws you.
You die...
Your body crumbles into a pile of gold.

........# #.#.....#
#.#.....# #.# ....# #.#
...#### # #.# .....# #.
#.# #....# ## #.###.#
#....# #...#..@..#
###....#
.#.(...T####......#..
#......................
###......####......#...
#......# #......# ..
#......# #......# .
#......# #......#
######## #......#
########


You could see a troll.

Vanquished Creatures
  Eustachio (D:4)
  An orc warrior (D:4)
  An ogre (D:4)
  A phantom (D:4)
  A bullfrog (D:4)
  3 hounds
  An orc priest (D:4)
  Ijyb (D:3)
  6 gnolls
  5 adders
  A shadow imp (D:4)
  An adder skeleton (D:4)
  A worm (D:1)
  5 orcs
  4 endoplasms
  4 goblins
  5 hobgoblins
  5 jackals
  4 quokkas
  2 ball pythons
  5 bats
  3 frilled lizards
  4 kobolds
  A quokka skeleton (D:4)
  2 rats (D:1)
68 creatures vanquished.

Notes
Turn   | Place    | Note
-------+----------+-------------------------------------------
     0 | D:1      | shadowrider38 the Formicid Fighter began the quest for the
                  | Orb.
     0 | D:1      | Reached XP level 1. HP: 18/18 MP: 1/1
   201 | D:1      | Found a faded altar of an unknown god.
   276 | D:1      | Reached XP level 2. HP: 24/24 MP: 2/2
   654 | D:1      | Reached skill level 3 in Axes
   902 | D:2      | Found an opulent altar of Gozag.
   920 | D:2      | Became a worshipper of Gozag Ym Sagoz the Greedy
   971 | D:2      | Reached XP level 3. HP: 29/29 MP: 3/3
  1711 | D:2      | Reached skill level 4 in Axes
  1711 | D:2      | Reached XP level 4. HP: 4/35 MP: 4/4
  2226 | D:3      | Found Hyca's General Store.
  2281 | D:3      | Found Fexebafe's General Store.
  2406 | D:3      | Noticed Ijyb
  2733 | D:3      | Killed Ijyb
  2839 | D:3      | Reached XP level 5. HP: 41/41 MP: 5/5
  2903 | D:3      | Found Wuphamont's Antique Armour Shoppe.
  3091 | D:3      | Reached skill level 5 in Axes
  3387 | D:3      | Found a bloodstained altar of Trog.
  3574 | D:4      | Found a white marble altar of Elyvilon.
  3705 | D:3      | Reached XP level 6. HP: 47/47 MP: 6/6
  3735 | D:4      | Reached skill level 6 in Axes
  4173 | D:4      | Identified the +1 ring mail "Erilux Neza" {Str+3}
  4179 | D:4      | Identified the +1 robe "Emenk" {+Inv rC+ Int+4 Dex-4}
  4309 | D:4      | Noticed Eustachio
  4666 | D:4      | Killed Eustachio
  4667 | D:4      | Reached skill level 7 in Axes
  4667 | D:4      | Reached XP level 7. HP: 40/52 MP: 7/7
  5179 | D:5      | Entered Level 5 of the Dungeon
  5187 | D:4      | Reached skill level 8 in Axes
  5329 | D:4      | Reached XP level 8. HP: 11/58 MP: 8/8
  5615 | D:5      | Noticed a troll
  5634 | D:5      | HP: 1/58 [troll (6)]
  5634 | D:5      | Slain by a troll

Illustrated notes

Levels and vault maps discovered:
D:1:      co_arrival_random_square_maze, layout_loops_ring,
          hellmonk_ecumenical_altar_dog_temple, minmay_tetromino_t2
D:2:      layout_loops_cross, basic_altar, chequers_avenue
D:3:      layout_loops_ring, lemuel_doored_altar, serial_shops,
          nicolae_shop_behind_doors, nicolae_square_shop, nicolae_shop_crystal,
          uniq_ijyb
D:4:      layout_cave_pools, amcnicky_altar_gilded, palyth_stone_intersect,
          minmay_quadrilaterals, uniq_eustachio
D:5:      layout_basic, fedhas_bush_and_centaur_altar

Skill      XL: |  1  2  3  4  5  6  7 |
---------------+----------------------+-----
Axes           | 3 4 5 7 8 |  8.8
Fighting       | |  3.2
Armour         | |  3.2
Shields        | |  3.6

Action                   |  1- 3 |  4- 6 |  7- 9 || total
-------------------------+-------+-------+-------++-------
Melee: War axe           |    83 |   130 |    50 ||   263
Throw: Dart              |       |     5 |       ||     5
Evoke: Wand              |       |     3 |       ||     3
Armor: Scale mail        |    26 |     6 |       ||    32
       Chain mail        |       |    96 |    19 ||   115
Dodge: Dodged            |    25 |    60 |    10 ||    95
Block: Kite shield       |    48 |    90 |    19 ||   157
